 Dungeon Crawl Stone Soup version 0.21.1-1-g345015f (webtiles) character file.

314060 Kuinu the Minotaur Blade (level 20, -2/146 HPs)
             Began as a Minotaur Fighter on July 18, 2018.
             Was the Champion of the Shining One.
             Slain by an azure jelly (8 damage)
             ... created by the Royal Jelly
             ... on level 4 of the Pits of Slime.
             The game lasted 03:32:50 (43040 turns).

Kuinu the Minotaur Blade (Minotaur Fighter)        Turns: 43040, Time: 03:32:52

Health: -2/146     AC: 28    Str: 33    XL:     20   Next: 48%
Magic:  26/28      EV: 24    Int: 10    God:    the Shining One [******]
Gold:   1153       SH: 37    Dex: 15    Spells: 17/19 levels left

rFire    + + .     SeeInvis .   n - +8 double sword (protect)
rCold    + + .     Gourm    .   V - +1 large shield
rNeg     + + +     Faith    .   z - +15 Maxwell's patent armour {-Cast -Tele rElec MR+ rCorr}
rPois    +         Spirit   .   (helmet restricted)
rElec    +         Reflect  .   H - scarf {rC+ rF+}
rCorr    +         Harm     .   q - +3 pair of gauntlets of War {Slay+5}
MR       ++...     Rnd*Rage +   Z - +0 pair of boots Stlth ..........NoTele +
                                F - amulet of Compulsion {RegenMP Str+2}
HPRegen  0.00/turn NoCast   +   u - +4 ring of evasion
MPRegen  0.46/turn              T - +5 ring of protection

@: mighty, brilliant, agile, divine shield, resistant, corroded, protection
aura, flying (expiring), hasted, glowing, very quick
A: retaliatory headbutt, horns 2, thin metallic scales 1, berserk 2, blurry
vision 3, clumsy 1, deformed body, frail 2, low mp 1, inhibited regeneration,
weak 1
}: 2/15 runes: serpentine, barnacled
a: Divine Shield, Cleansing Flame, Summon Divine Warrior, Brand Weapon With Holy
Wrath, Renounce Religion


You were on level 4 of the Pits of Slime.
You worshipped the Shining One.
The Shining One was exalted by your worship.
You were not hungry.

You visited 9 branches of the dungeon, and saw 42 of its levels.
You also visited: Labyrinth and Ossuary.

You collected 3450 gold pieces.
You spent 2297 gold pieces at shops.

Inventory:

Hand Weapons
 n - a +8 double sword of protection (weapon)
 A - a +4 eudemon blade of holy wrath
Missiles
 C - 972 arrows
Armour
 c - a +0 pair of gloves of dexterity
 q - the +3 pair of gauntlets of War (worn) {Slay+5}
   (You bought it in a shop on level 1 of the Shoals)

   It affects your accuracy and damage with ranged weapons and melee attacks
   (+5).
 r - a +0 cloak of poison resistance
 z - the +15 Maxwell's patent armour (worn) {-Cast -Tele rElec MR+ rCorr}
   (You acquired it on level 1 of the Orcish Mines)

   It insulates you from electricity.
   It affects your resistance to hostile enchantments.
   It prevents spellcasting.
   It prevents most forms of teleportation.
   It protects you from acid and corrosion.
 H - a scarf of resistance (worn)
 P - a scarf of cloud immunity
 V - a +1 large shield (worn)
 Z - a +0 pair of boots (worn)
Jewellery
 p - an uncursed ring of stealth
 u - a +4 ring of evasion (left hand)
 E - a cursed -3 ring of dexterity
 F - the amulet of Compulsion (around neck) {RegenMP Str+2}
   (You found it on level 6 of the Lair of Beasts)

   [amulet of magic regeneration]

   It increases your magic regeneration.
   It affects your strength (+2).
 T - a +5 ring of protection (right hand)
 W - an uncursed ring of magical power
 X - a +1 ring of slaying
Wands
 a - a wand of scattershot (2)
 k - a wand of digging (27)
 s - a wand of disintegration (9)
 D - a wand of flame (72)
 J - a wand of polymorph (19)
 Y - a wand of paralysis (37)
Scrolls
 b - 2 scrolls of teleportation
 e - 6 scrolls of immolation
 h - 5 scrolls of fog
 i - 11 scrolls of remove curse
 v - 4 scrolls of vulnerability
 x - a scroll of holy word
 B - 2 scrolls of blinking
 G - 2 scrolls of enchant armour
 K - a scroll of amnesia
 L - 6 scrolls of silence
 N - 8 scrolls of identify
 O - a scroll of enchant weapon
 R - 4 scrolls of fear
 U - 5 scrolls of magic mapping
Potions
 d - 5 potions of might
 g - 5 potions of flight
 j - 4 potions of brilliance
 m - 3 potions of cancellation
 o - 9 potions of lignification
 t - 3 potions of haste
 w - a potion of magic
 I - 3 potions of mutation
 M - 2 potions of agility
 S - 4 potions of curing
Miscellaneous
 l - 3 phantom mirrors
 y - a fan of gales
Comestibles
 f - 33 rations


   Skills:
 + Level 16.9 Fighting
 * Level 22.2 Long Blades
 + Level 16.7 Armour
 + Level 13.0 Dodging
 - Level 0.2 Stealth
 + Level 16.9 Shields
 * Level 16.6 Invocations


You had 17 spell levels left.
You knew the following spells:

 Your Spells              Type           Power        Failure   Level  Hunger
a - Summon Butterflies    Summ           #.......     41%         1    ##.....
b - Summon Small Mammal   Summ           #...         41%         1    ##.....


Dungeon Overview and Level Annotations

Branches:
Dungeon (15/15)            Temple (1/1) D:5            Lair (6/6) D:11
 Shoals (4/4) Lair:3        Snake (4/4) Lair:3        Slime (5/5) Lair:6
    Orc (2/2) D:9             Elf (0/3) Orc:2        Vaults (4/5) D:14
  Crypt (0/3) Vaults:3     Depths (1/5) D:15

Altars:
Ashenzari
Cheibriados
Dithmenos
Elyvilon
Fedhas
Gozag
Hepliaklqana
Kikubaaqudgha
Makhleb
Nemelex Xobeh
Okawaru
Qazlal
Ru
Sif Muna
Trog
Uskayaw
Vehumet
Wu Jian
Xom
Yredelemnul
Zin
The Shining One
Beogh
Jiyva

Shops:
D:3 *   D:8 ?   Orc:1 }   Orc:2 }((*   Shoals:1 %%**   Vaults:1 :   Vaults:3 *

Annotations:
Slime:5 Royal Jelly


Innate Abilities, Weirdness & Mutations

You reflexively headbutt those who attack you in melee.
You have a pair of horns on your head.
You are partially covered in thin metallic scales. (AC +2)
You often lose your temper in combat.
Scrolls take you much longer to read.
You are clumsy. (Dex -2)
Armour fits poorly on your strangely shaped body.
You are very frail. (-20% HP)
Your magical capacity is low. (-10% MP)
You do not regenerate when monsters are visible.
You are weak. (Str -2)


Message History

You furiously retaliate!
You headbutt the Royal Jelly.
You riposte.
You hit the Royal Jelly but do no damage.
The Royal Jelly is moderately wounded.
The Royal Jelly hits you but does no damage.
You fly upwards.
There is a stone staircase leading down here.
You feel better. You block the azure jelly's attack. x4
The death ooze closely misses you. The death ooze barely misses you.
The acid blob spits acid at you. The splash of acid hits you!
The acid corrodes you!
You are splashed with acid!
The acid burns!
You resist.
* * * LOW HITPOINT WARNING * * *
The acid blob spits acid at you. The splash of acid hits you!
You are splashed with acid!
The acid burns!
You resist.
* * * LOW HITPOINT WARNING * * *
The azure jelly hits you.
* * * LOW HITPOINT WARNING * * *
The azure jelly freezes you! You resist.
You die...

....... #.# .........
..... .....#....
##....#
.............#.......
...#........#........
.....>...............
...........J.J.......
.........>.J@J..#....
...........JJ....#
.................#
.......<........##
.................#
...#.............#
....#...........#..
..........##.........
.......#.##..........


You could see 2 acid blobs, 3 azure jellies and a death ooze.

Vanquished Creatures
  Mennas (Vaults:3)
  Xtahua (Vaults:3)
  Nikola (Vaults:3)
  3 liches (Vaults:3)
  A sphinx (Vaults:3)
  9 acid blobs
  Polyphemus (Shoals:4)
  The ghost of nicolaieve the Executioner, an adept MiBe of Trog (Shoals:2)
  2 krakens
  A shadow dragon (Vaults:3)
  Ilsuiw (Shoals:4)
  A nagaraja (Snake:4)
  A revenant (Vaults:3)
  A tengu reaver (Vaults:3)
  4 azure jellies
  Kirke (Shoals:1)
  2 fire giants
  2 frost giants
  6 vault wardens
  A ghoul (Vaults:3)
  An emperor scorpion (D:15)
  5 ironheart preservers
  2 stone giants (Depths:1)
  A dire elephant (D:15)
  Nessos (Orc:2)
  A deep elf demonologist (Vaults:3)
  The ghost of Robespierre the Spear-Bearer, a journeyman DsGl of Okawaru (Lair:4)
  A deep elf death mage (Vaults:2)
  3 merfolk javelineers
  2 ettins (Vaults:3)
  A death ooze (Slime:5)
  5 yaktaur captains
  A minotaur (Lab)
  3 fire dragons
  6 merfolk impalers
  8 naga warriors
  3 hydras
  4 great orbs of eyes
  2 rakshasas (Vaults:1)
  9 vault guards
  10 anacondas
  A merfolk avatar (Shoals:4)
  8 centaur warriors
  2 satyrs
  A catoblepas (Shoals:4)
  35 two-headed ogres
  An alligator snapping turtle (Shoals:1)
  3 merfolk aquamancers (Shoals:4)
  5 death yaks (Lair:6)
  10 ogre magi
  An orc high priest (Orc:1)
  22 naga sharpshooters
  4 tengu warriors
  A vampire mage (Vaults:3)
  3 shock serpents (Snake:3)
  3 skeletal warriors (D:13)
  4 deep elf knights
  A fire crab (Lair:3)
  3 shadow wraiths
  7 wizards
  2 glowing orange brains
  7 sea snakes
  3 deep trolls
  An unseen horror (Vaults:1)
  7 naga ritualists
  A flayed ghost (Vaults:3)
  7 harpies
  4 deep elf archers
  Pikel (D:8)
  A phantasmal warrior (Vaults:3)
  13 ironbrand convokers
  A lindwurm (Lair:6)
  9 mana vipers
  14 orc knights
  A wolf spider zombie (D:14)
  An oklob plant (Shoals:2)
  A wolf spider (Lair:6)
  32 ugly things
  10 cyclopes
  5 orc sorcerers
  9 deep elf magi
  21 fauns
  5 shining eyes
  A moth of wrath (shapeshifter) (Depths:1)
  6 salamanders
  10 manticores
  Maurice (D:8)
  A guardian serpent (Snake:4)
  13 merfolk sirens
  2 elephants (Lair:5)
  8 vault sentinels
  24 black mambas
  An ice statue (Shoals:1)
  A water nymph (Shoals:1)
  2 eyes of devastation
  3 gargoyles
  15 naga magi
  11 spiny frogs
  5 torpor snails (Lair:6)
  A centaur skeleton (D:15)
  A spiny frog (shapeshifter) (D:15)
  5 komodo dragons
  A rime drake (shapeshifter) (Vaults:1)
  A rime drake (Lair:5)
  10 yaktaurs
  20 trolls
  4 freezing wraiths
  A tengu conjurer (Depths:1)
  2 wind drakes (Shoals:1)
  3 meliai (D:15)
  19 merfolk
  17 polar bears
  2 jumping spiders (shapeshifter)
  9 hornets
  A harpy zombie (D:15)
  A tyrant leech (shapeshifter) (Vaults:3)
  4 tyrant leeches (Lair:6)
  A raiju (shapeshifter) (Vaults:1)
  15 dream sheep
  Prince Ribbit (D:7)
  11 hippogriffs
  5 snapping turtles
  A blink frog (shapeshifter) (Depths:1)
  10 blink frogs
  2 raiju (Lair:6)
  41 slime creatures
  A shadow (D:15)
  A vampire (D:14)
  3 wraiths
  8 water elementals
  6 wyverns
  3 hogs (Shoals:1)
  62 yaks
  A hog (shapeshifter) (Vaults:4)
  A steam dragon (D:9)
  7 vampire mosquitoes (D:14)
  Grum (D:9)
  A yaktaur simulacrum (Vaults:3)
  3 acid dragons
  35 nagas
  A soldier ant (D:10)
  11 wargs
  3 water moccasins
  7 porcupines
  13 hell hounds (Lair:6)
  2 eyes of draining (D:12)
  2 hornet zombies (D:14)
  3 ice beasts
  32 orc warriors
  A phantom (D:9)
  6 sky beasts
  13 black bears
  43 ogres
  16 wolves
  5 boggarts (Vaults:2)
  7 crocodiles
  12 centaurs
  4 big kobolds
  19 bullfrogs
  2 gnoll sergeants
  13 scorpions
  10 killer bees
  A howler monkey (D:8)
  9 wights
  4 bullfrog zombies
  6 centaur zombies
  9 crimson imps
  7 hounds
  2 jellies
  16 orc priests
  18 orc wizards
  A human zombie (Ossuary)
  2 bullfrog skeletons
  4 iguanas
  9 worker ants
  Terence (D:2)
  4 big kobold zombies (Ossuary)
  3 mummies (Ossuary)
  2 worker ant zombies
  14 gnolls
  10 adders
  5 scorpion zombies (Ossuary)
  5 shadow imps
  13 white imps
  An adder zombie (D:6)
  An adder skeleton (D:9)
  A worm (D:3)
  2 dart slugs
  8 leopard geckos
  82 orcs
  2 ball pythons (D:2)
  4 giant cockroaches
  2 gnoll zombies (Ossuary)
  11 goblins
  4 hobgoblins
  2 jackals (D:10)
  4 quokkas
  6 bats
  7 frilled lizards
  2 goblin zombies (Ossuary)
  A hobgoblin zombie (Ossuary)
  A jackal skeleton (D:7)
  A jackal zombie (D:8)
  11 kobolds
  3 kobold zombies (Ossuary)
  An orc zombie (Ossuary)
  A quokka skeleton (D:7)
  4 rats
  A fungus (Lair:5)
  5 plants
  6 tentacles
1352 creatures vanquished.

Vanquished Creatures (collateral kills)
  Vashnia (Snake:3)
  An azure jelly (Slime:5)
  3 nagarajas (Snake:4)
  The ghost of senseless the Peltast, a journeyman MiFi of Cheibriados (Snake:1)
  A merfolk javelineer (Shoals:4)
  A death ooze (Slime:5)
  5 naga warriors
  A merfolk aquamancer (Shoals:4)
  6 naga sharpshooters (Snake:3)
  A naga ritualist (Snake:4)
  A merfolk siren (Shoals:4)
  A water nymph (Shoals:4)
  3 naga magi
  2 merfolk (Shoals:4)
  A slime creature (D:12)
  6 nagas
35 creatures vanquished.

Vanquished Creatures (others)
  A faun (Shoals:4)
  A human (Shoals:1)
  An ogre (D:8)
  A quasit (D:8)
  An orc (Vaults:1)
  10 fungi
  23 plants
  19 tentacles
57 creatures vanquished.

Grand Total: 1444 creatures vanquished

Notes
Turn   | Place    | Note
-------+----------+-------------------------------------------
     0 | D:1      | Kuinu the Minotaur Fighter began the quest for the Orb.
     0 | D:1      | Reached XP level 1. HP: 19/19 MP: 0/0
   143 | D:1      | Reached XP level 2. HP: 27/27 MP: 1/1
   718 | D:1      | Reached XP level 3. HP: 28/34 MP: 2/2
   970 | D:2      | Found a faded altar of an unknown god.
  1038 | D:2      | Noticed Terence
  1050 | D:2      | Killed Terence
  1050 | D:2      | Reached skill level 3 in Long Blades
  1299 | D:2      | Reached XP level 4. HP: 41/41 MP: 3/3
  1617 | D:3      | Found a glowing silver altar of Zin.
  1618 | D:3      | Found Zin's Purification Station.
  2055 | D:4      | Reached skill level 4 in Long Blades
  2055 | D:4      | Reached XP level 5. HP: 40/47 MP: 4/4
  2059 | D:4      | Reached skill level 5 in Fighting
  2391 | D:4      | Reached skill level 5 in Shields
  2391 | D:4      | Reached XP level 6. HP: 53/56 MP: 5/5
  2480 | D:5      | Entered Level 5 of the Dungeon
  2534 | D:5      | Reached skill level 5 in Long Blades
  2736 | D:5      | Reached skill level 5 in Armour
  2809 | D:5      | Found a staircase to the Ecumenical Temple.
  2817 | D:5      | Reached XP level 7. HP: 62/62 MP: 6/6
  2824 | Temple   | Entered the Ecumenical Temple
  3167 | Temple   | Became a worshipper of the Shining One
  3271 | D:5      | Reached skill level 6 in Long Blades
  3555 | D:6      | Found a sand-covered staircase.
  3636 | Ossuary  | Entered an ossuary
  3752 | Ossuary  | Reached * piety under the Shining One
  3760 | Ossuary  | Reached skill level 7 in Long Blades
  4002 | Ossuary  | Reached XP level 8. HP: 71/71 MP: 7/7
  4063 | Ossuary  | Reached ** piety under the Shining One
  4361 | D:6      | Reached skill level 8 in Long Blades
  4466 | D:6      | Identified Enwal's Collected Works on Companions
  4497 | D:6      | Found a basalt altar of Yredelemnul.
  4863 | D:7      | Noticed a purple ugly thing
  4876 | D:7      | Killed a purple ugly thing
  4876 | D:7      | Reached skill level 9 in Long Blades
  4876 | D:7      | Reached XP level 9. HP: 73/79 MP: 5/8
  5042 | D:7      | Noticed Prince Ribbit
  5053 | D:7      | Killed Prince Ribbit
  5352 | D:7      | Reached skill level 10 in Long Blades
  5446 | D:7      | Reached *** piety under the Shining One
  5868 | D:8      | Noticed a two-headed ogre
  5877 | D:8      | Killed a two-headed ogre
  5892 | D:8      | Noticed a two-headed ogre
  5899 | D:8      | Killed a two-headed ogre
  5899 | D:8      | Reached skill level 11 in Long Blades
  5899 | D:8      | Reached XP level 10. HP: 49/90 MP: 5/9
  5988 | D:8      | Found a hide-covered altar of Uskayaw.
  6241 | D:8      | Noticed Pikel
  6242 | D:8      | Found Vana's Magic Scroll Shoppe.
  6256 | D:8      | Killed Pikel
  6299 | D:8      | Bought a scroll of identify for 30 gold pieces
  6299 | D:8      | Bought a scroll of identify for 30 gold pieces
  6299 | D:8      | Bought a scroll of identify for 30 gold pieces
  6299 | D:8      | Bought a scroll of identify for 30 gold pieces
  6299 | D:8      | Bought a scroll of identify for 30 gold pieces
  6336 | D:8      | Noticed Maurice
  6343 | D:8      | Killed Maurice
  6357 | D:8      | Noticed a two-headed ogre
  6361 | D:8      | Killed a two-headed ogre
  6435 | D:8      | Reached skill level 12 in Long Blades
  6806 | D:9      | Noticed a two-headed ogre
  6811 | D:9      | Killed a two-headed ogre
  6911 | D:9      | Noticed Grum
  6924 | D:9      | Killed Grum
  6939 | D:9      | Found a shadowy altar of Dithmenos.
  7195 | D:9      | Reached skill level 10 in Fighting
  7217 | D:9      | Reached XP level 11. HP: 75/99 MP: 10/10
  7576 | D:9      | Noticed a two-headed ogre
  7582 | D:9      | Killed a two-headed ogre
  7582 | D:9      | Reached skill level 10 in Shields
  7692 | D:9      | Reached **** piety under the Shining One
  7713 | D:9      | Reached skill level 10 in Armour
  7714 | D:9      | Found a staircase to the Orcish Mines.
  7734 | D:9      | Reached skill level 13 in Long Blades
  7739 | D:9      | Found a roughly hewn altar of Beogh.
  8062 | D:10     | Entered Level 10 of the Dungeon
  8062 | D:10     | Noticed a two-headed ogre
  8069 | D:10     | Killed a two-headed ogre
  8338 | D:10     | Noticed a two-headed ogre
  8349 | D:10     | Killed a two-headed ogre
  8354 | D:10     | Learned a level 1 spell: Summon Butterflies
  8356 | D:10     | Learned a level 1 spell: Summon Small Mammal
  8407 | D:10     | Noticed a two-headed ogre
  8416 | D:10     | Killed a two-headed ogre
  8416 | D:10     | Reached skill level 1 in Dodging
  8416 | D:10     | Reached skill level 1 in Invocations
  8458 | D:10     | Noticed a two-headed ogre
  8468 | D:10     | Killed a two-headed ogre
  9126 | D:11     | Found a staircase to the Lair.
  9496 | D:11     | Reached XP level 12. HP: 98/108 MP: 13/13
  9531 | D:11     | Reached skill level 14 in Long Blades
  9678 | Lair:1   | Entered Level 1 of the Lair of Beasts
 11257 | Lair:2   | Noticed an eight-headed hydra
 11263 | Lair:2   | Killed a ten-headed hydra
 11263 | Lair:2   | Reached skill level 5 in Invocations
 11860 | Lair:3   | Found a staircase to the Shoals.
 11912 | Lair:3   | The Shining One protects you from harm!
 12339 | Lair:3   | Found a staircase to the Snake Pit.
 13146 | Lair:4   | Noticed Robespierre's ghost (journeyman DsGl)
 13165 | Lair:4   | Killed Robespierre's ghost
 13181 | Lair:4   | Found a labyrinth entrance.
 13190 | Lab      | Entered a labyrinth
 14197 | Lab      | Noticed a minotaur
 14233 | Lab      | Killed a minotaur
 14669 | Lair:4   | Reached skill level 15 in Long Blades
 14676 | Lair:4   | Reached XP level 13. HP: 117/117 MP: 16/16
 15194 | Lair:5   | Reached skill level 5 in Dodging
 15849 | Lair:5   | Reached ***** piety under the Shining One
 16316 | Lair:6   | Entered Level 6 of the Lair of Beasts
 16344 | Lair:6   | Found a hide-covered altar of Uskayaw.
 16443 | Lair:6   | Found a staircase to the Slime Pits.
 16443 | Lair:6   | Found a viscous altar of Jiyva.
 16955 | Lair:6   | Reached skill level 16 in Long Blades
 17069 | Lair:6   | Reached XP level 14. HP: 62/127 MP: 19/19
 17295 | Lair:6   | Got a vibrating graven amulet
 17324 | Lair:6   | Identified the amulet of Compulsion {RegenMP Str+2} (You found it on level 6 of the Lair of Beasts)
 17963 | Lair:6   | Found a runed door.
 18044 | Lair:6   | Paralysed by a hornet for 1 turns
 18802 | Snake:1  | Entered Level 1 of the Snake Pit
 19694 | Snake:1  | Noticed senseless's ghost (journeyman MiFi)
 19707 | Snake:1  | Killed senseless's ghost
 20946 | Snake:2  | Reached skill level 10 in Invocations
 21387 | Snake:2  | Reached skill level 17 in Long Blades
 21912 | Snake:3  | Noticed Vashnia
 21927 | Snake:3  | Reached XP level 15. HP: 85/135 MP: 15/21
 21937 | Snake:3  | Killed Vashnia
 22801 | Snake:3  | Found a sparkling altar of Nemelex Xobeh.
 23547 | Snake:4  | Entered Level 4 of the Snake Pit
 24018 | Snake:4  | Noticed a nagaraja
 24038 | Snake:4  | Killed a nagaraja
 24054 | Snake:4  | Noticed a nagaraja
 24065 | Snake:4  | Noticed a nagaraja
 24087 | Snake:4  | Killed a nagaraja
 24101 | Snake:4  | Killed a nagaraja
 24115 | Snake:4  | Reached skill level 18 in Long Blades
 24559 | Snake:4  | Noticed a nagaraja
 24820 | Snake:4  | Reached XP level 16. HP: 64/145 MP: 23/23
 25282 | Snake:4  | Got a serpentine rune of Zot
 27086 | Orc:1    | Entered Level 1 of the Orcish Mines
 27097 | Orc:1    | Found Syuluum's Gadget Emporium.
 27290 | Orc:1    | Identified 3 scrolls of acquirement
 27311 | Orc:1    | Got a slimy scale mail
 27313 | Orc:1    | Found the +15 Maxwell's patent armour {-Cast -Tele rElec MR+ rCorr}
 27673 | Orc:2    | Entered Level 2 of the Orcish Mines
 27730 | Orc:2    | Noticed Nessos
 27760 | Orc:2    | Killed Nessos
 28002 | Orc:2    | Found Woocouq's Gadget Shop.
 28241 | Orc:2    | Found Elamed's Antique Weapon Shop.
 28242 | Orc:2    | Found Hiotuil's Assorted Antiques.
 28299 | Orc:2    | Found a staircase to the Elven Halls.
 28367 | Orc:2    | Found Plog's Weapon Boutique.
 28577 | Orc:2    | Bought a scroll of identify for 56 gold pieces
 28860 | D:13     | Found a blossoming altar of Fedhas.
 29061 | D:13     | Found a hazy altar of Hepliaklqana.
 29610 | D:13     | Reached skill level 10 in Dodging
 29726 | D:14     | Reached skill level 19 in Long Blades
 29798 | D:14     | Reached ****** piety under the Shining One
 29881 | D:14     | Reached XP level 17. HP: 118/154 MP: 25/25
 30278 | D:14     | Found a gate to the Vaults.
 30488 | D:15     | Entered Level 15 of the Dungeon
 30844 | D:15     | Found a staircase to the Depths.
 31162 | D:15     | Found a sacrificial altar of Ru.
 31411 | Depths:1 | Entered Level 1 of the Depths
 31893 | Vaults:1 | Entered Level 1 of the Vaults
 31977 | Vaults:1 | Found Ytsiud's Book Shoppe.
 32478 | Vaults:1 | Reached skill level 15 in Fighting
 32478 | Vaults:1 | Reached skill level 15 in Shields
 32906 | Vaults:1 | Reached skill level 15 in Armour
 32953 | Vaults:1 | Reached skill level 20 in Long Blades
 33343 | Vaults:1 | Reached XP level 18. HP: 163/163 MP: 27/27
 34257 | Vaults:2 | Found an ancient bone altar of Kikubaaqudgha.
 34893 | Vaults:3 | Noticed Mennas
 34970 | Vaults:3 | Killed Mennas
 35624 | Vaults:3 | Noticed a lich
 35629 | Vaults:3 | Killed a lich
 35720 | Vaults:3 | Noticed Nikola
 35738 | Vaults:3 | Killed Nikola
 35849 | Vaults:3 | Found Mir Exuesh's General Store.
 35857 | Vaults:3 | Bought a scroll of identify for 34 gold pieces
 35975 | Vaults:3 | Reached skill level 15 in Invocations
 36077 | Vaults:3 | Noticed Xtahua
 36090 | Vaults:3 | Paralysed by Xtahua for 2 turns
 36093 | Vaults:3 | Killed Xtahua
 36133 | Vaults:3 | Found a staircase to the Crypt.
 36287 | Vaults:3 | Noticed a lich
 36291 | Vaults:3 | Killed a lich
 36291 | Vaults:3 | Reached XP level 19. HP: 172/172 MP: 29/29
 36334 | Vaults:3 | Reached skill level 21 in Long Blades
 36454 | Vaults:3 | Paralysed by a hornet for 3 turns
 38479 | Shoals:1 | Entered Level 1 of the Shoals
 38515 | Shoals:1 | Found Yreduov's Food Shoppe.
 38536 | Shoals:1 | Bought a ration for 50 gold pieces
 38536 | Shoals:1 | Bought a ration for 50 gold pieces
 38536 | Shoals:1 | Bought a ration for 50 gold pieces
 38536 | Shoals:1 | Bought a ration for 50 gold pieces
 38536 | Shoals:1 | Bought a ration for 50 gold pieces
 38536 | Shoals:1 | Bought a ration for 50 gold pieces
 38536 | Shoals:1 | Bought a ration for 50 gold pieces
 38536 | Shoals:1 | Bought a ration for 50 gold pieces
 38536 | Shoals:1 | Bought a ration for 50 gold pieces
 38596 | Shoals:1 | Found Naoth's Assorted Antiques.
 38610 | Shoals:1 | Bought the +3 pair of gauntlets of War {Slay+5} for 1187 gold pieces
 38610 | Shoals:1 | Found the +3 pair of gauntlets of War {Slay+5}
 38610 | Shoals:1 | Bought a potion of curing for 75 gold pieces
 38642 | Shoals:1 | Found Moeny's Assorted Antiques.
 38707 | Shoals:1 | Bought a scroll of enchant weapon for 225 gold pieces
 38707 | Shoals:1 | Bought a scroll of identify for 60 gold pieces
 38707 | Shoals:1 | Bought a scroll of fog for 60 gold pieces
 39116 | Shoals:1 | Noticed Kirke
 39126 | Shoals:1 | Killed Kirke
 39240 | Shoals:1 | Found Lijif's Food Emporium.
 39441 | Shoals:1 | Found Dotaepid's Food Emporium.
 39727 | Shoals:2 | Found a glowing golden altar of the Shining One.
 39775 | Shoals:2 | Noticed nicolaieve's ghost (adept MiBe)
 39797 | Shoals:2 | Killed nicolaieve's ghost
 41169 | Shoals:4 | Entered Level 4 of the Shoals
 41169 | Shoals:4 | Noticed Ilsuiw
 41202 | Shoals:4 | Killed Ilsuiw
 41202 | Shoals:4 | Reached XP level 20. HP: 106/182 MP: 31/31
 41403 | Shoals:4 | Got a barnacled rune of Zot
 41451 | Shoals:4 | Noticed Polyphemus
 41461 | Shoals:4 | Killed Polyphemus
 41984 | Slime:1  | Entered Level 1 of the Pits of Slime
 41986 | Slime:1  | Gained mutation: Scrolls take you a little longer to read. [a shining eye]
 41989 | Slime:1  | Gained mutation: You are partially covered in thin metallic scales. (AC +2) [a shining eye]
 41991 | Slime:1  | Gained mutation: You do not regenerate when monsters are visible. [a shining eye]
 42020 | Slime:1  | Reached skill level 22 in Long Blades
 42234 | Slime:3  | Gained mutation: You tend to lose your temper in combat. [a shining eye]
 42243 | Slime:3  | Gained mutation: You are clumsy. (Dex -2) [a shining eye]
 42248 | Slime:3  | Gained mutation: Your magical capacity is low. (-10% MP) [a shining eye]
 42251 | Slime:3  | Gained mutation: Scrolls take you longer to read. [a shining eye]
 42258 | Slime:3  | Gained mutation: Armour fits poorly on your strangely shaped body. [a shining eye]
 42260 | Slime:3  | Gained mutation: You are frail. (-10% HP) [a shining eye]
 42283 | Slime:3  | Gained mutation: Scrolls take you much longer to read. [a shining eye]
 42284 | Slime:3  | Gained mutation: You often lose your temper in combat. [a shining eye]
 42318 | Slime:4  | Gained mutation: You are very frail. (-20% HP) [a shining eye]
 42325 | Slime:4  | Gained mutation: You are weak. (Str -2) [a shining eye]
 42534 | Slime:5  | Entered Level 5 of the Pits of Slime
 42551 | Slime:5  | Noticed the Royal Jelly
 43040 | Slime:4  | HP: 6/146 [azure jelly[the Royal Jelly] (6)]
 43040 | Slime:4  | Slain by an azure jelly

Skill      XL: |  1  2  3  4  5  6  7  8  9 10 11 12 13 14 15 16 17 18 19 20 |
---------------+-------------------------------------------------------------+-----
Fighting       | 4 5 6 7 8 10 11 12 13 14 15 16 | 16.9
Shields        | 4 5 6 7 8 9 10 11 12 13 14 15 16 | 16.9
Armour         | 4 5 6 7 8 9 10 11 12 13 14 15 16 | 16.7
Long Blades    | 3 4 5 7 9 11 12 13 15 16 17 18 19 20 21 22 | 22.2
Dodging        | 2 4 6 7 9 10 11 12 13 | 13.0
Invocations    | 3 6 8 10 11 13 14 15 16 | 16.6
Stealth        | |  0.2

Action                   |  1- 3 |  4- 6 |  7- 9 | 10-12 | 13-15 | 16-18 | 19-21 || total
-------------------------+-------+-------+-------+-------+-------+-------+-------++-------
Melee: Long sword        |    85 |   121 |   275 |   533 |       |       |       ||  1014
       Headbutt          |    13 |    18 |    58 |   152 |   255 |   493 |   285 ||  1274
       Double sword      |       |       |       |    23 |  1037 |  1735 |   844 ||  3639
Invok: Divine Shield     |       |       |     3 |     4 |     6 |    11 |     5 ||    29
       Summon Divine War |       |       |       |       |     6 |     2 |     5 ||    13
Evoke: Wand              |       |       |       |       |     1 |       |       ||     1
  Use: Scroll            |     6 |       |     9 |    15 |     8 |    15 |     3 ||    56
       Potion            |       |       |       |     9 |    13 |     1 |    16 ||    39
  Eat: Chunk             |     1 |     4 |     5 |     4 |     2 |     2 |       ||    18
       Ration            |       |       |     2 |     7 |    10 |    12 |     6 ||    37
Armor: Scale mail        |    34 |       |       |       |       |       |       ||    34
       Chain mail        |    12 |    35 |       |       |       |       |       ||    47
       Plate armour      |       |    28 |   102 |   196 |   372 |   419 |   335 ||  1452
Dodge: Dodged            |    10 |    28 |    61 |   159 |   362 |   464 |   298 ||  1382
Block: Shield            |    38 |    55 |   133 |   271 |   474 |       |       ||   971
       Large shield      |       |       |       |       |   360 |  1837 |  1044 ||  3241
       Rpst.: Long sword |     2 |     5 |    18 |    34 |       |       |       ||    59
       Double sword      |       |       |       |       |    79 |    90 |    56 ||   225
